[Event "Late-Titled-Tuesday-Blitz-September-12-2023"]
[Site "Chess.com"]
[Date "2023.09.12"]
[Round "10"]
[White "The_Straightforward_Rook"]
[Black "queen_iryna"]
[Result "0-1"]
[WhiteElo "2506"]
[BlackElo "2364"]
[TimeControl "180+1"]
[EndTime "15:48:11 PDT"]
[Termination "queen_iryna won by resignation"]

1. d4 d6 2. c4 e5 3. d5 Be7 4.
Nc3 f5 5. e4 Nf6 6. Nge2 O-O 7.
exf5 Bxf5 8. Ng3 Bg6 9. Be2 a5 10. O-O Na6 11. Be3 b6 12. a3 Nc5 13. b4 axb4 14.
axb4 Rxa1 15. Qxa1 Nce4 16. Ncxe4 Nxe4 17. Nxe4 Bxe4 18.
f3 Bg6 19. Qa7 Bg5 20. Bf2 Bd2 21. Qa4 Qa8 22. Ra1 Qd8 23. c5 bxc5 24. bxc5 Qg5 25. cxd6 cxd6 26. Qd7 Be3 27. Qxd6 Bxf2+ 28. Kxf2 Qf4 29.
g3 Qd4+ 30. Kg2 Qxa1 31. Qe6+ Bf7 0-1

[Event "Late-Titled-Tuesday-Blitz-September-12-2023"]
[Site "Chess.com"]
[Date "2023.09.12"]
[Round "10"]
[White "Sinquefield"]
[Black "Djager97"]
[Result "1-0"]
[WhiteElo "2466"]
[BlackElo "2536"]
[TimeControl "180+1"]
[EndTime "15:48:14 PDT"]
[Termination "Sinquefield won by checkmate"]

1. b3 d5 2. Bb2 Nf6 3. e3 Bf5 4. Nf3 e6 5. c4 c6 6. Nc3 h6 7. Be2 Nbd7 8. d4 Be7 9. O-O O-O 10.
h3 a5 11. a3 Ne4 12. Nxe4 Bxe4 13. Nd2 Bg6 14. Rc1 Bd6 15. Nf3 Qe7 16. Bd3 Bxd3 17.
Qxd3 Bxa3 18. Bxa3 Qxa3 19. c5 Qb4 20. g4 Qb5 21. Qc2 Rac8 22. g5 hxg5 23. Nxg5 Nf6 24. Kh2 Ne4 25. Nxe4 dxe4 26. Qxe4 Qxb3 27. Rg1 Qd5 28.
Rxg7+ Kxg7 29. Rg1+ Kh6 30. Qf4+ Kh5 31. Qg4+ Kh6 32. Qg7+ Kh5 33. Qh7# 1-0

[Event "Late-Titled-Tuesday-Blitz-September-12-2023"]
[Site "Chess.com"]
[Date "2023.09.12"]
[Round "10"]
[White "rdarruda"]
[Black "Miguelitro69"]
[Result "1-0"]
[WhiteElo "2499"]
[BlackElo "2289"]
[TimeControl "180+1"]
[EndTime "15:48:22 PDT"]
[Termination "rdarruda won by resignation"]

1. d4 Nf6 2. Nf3 d6 3. g3 g6 4. Bg2 Bg7 5. O-O O-O 6. Nc3 c5 7. dxc5 dxc5 8. Qxd8 Rxd8 9. Be3 Nbd7 10. Rad1 b6 11.
Ne5 Rb8 12. Nc6 Ba6 13. Nxd8 Rxd8 14. Bc6 Bc8 15. Nd5 Nxd5 16. Rxd5 e6 17. Rd2 Kf8 18.
Rfd1 Ke7 19. c3 Be5 20. Bf4 Bxf4 21. gxf4 Ke8 22. e4 Ke7 23. h4 f6 24. Kg2 h6 25. Kg3 g5 26. fxg5 hxg5 27. hxg5 fxg5 28. e5 a6 29. a4 a5 30. c4 Ke8 31. Kg4 Ke7 32. Bxd7 Bxd7 33. Rxd7+ Rxd7 34. Rxd7+ Kxd7 35. Kxg5 b5 36. axb5 a4 37. Kf6 a3 38. bxa3 1-0

[Event "Late-Titled-Tuesday-Blitz-September-12-2023"]
[Site "Chess.com"]
[Date "2023.09.12"]
[Round "10"]
[White "angryspacevoid"]
[Black "dropstoneDP"]
[Result "0-1"]
[WhiteElo "2596"]
[BlackElo "3022"]
[TimeControl "180+1"]
[EndTime "15:48:23 PDT"]
[Termination "dropstoneDP won by resignation"]

1. e4 e5 2. Nf3 Nf6 3. d4 Nxe4 4. Bd3 d5 5. dxe5 Nc5 6. O-O Be7 7. Nc3 c6 8. h3 g5 9. Nd4 g4 10. Bf5 gxh3 11. gxh3 Ne6 12. Bxe6 Bxe6 13. Qh5 Qd7 14. Re1 Na6 15. f4 Bc5 16. Be3 O-O-O 17. Kh2 Bxd4 18. Bxd4 c5 19. Bf2 Rhg8 20. Rg1 Rg6 21. Qxh7 Bf5 22. Rxg6 Bxg6 23. Qg7 Qf5 24. Qf6 Qxc2 25. Rf1 Nc7 26.
Kg1 d4 27. Bh4 Rg8 28. Bg5 dxc3 29. bxc3 Be4 30. Rf2 Qd1+ 31. Kh2 Qh1+ 0-1

[Event "Late-Titled-Tuesday-Blitz-September-12-2023"]
[Site "Chess.com"]
[Date "2023.09.12"]
[Round "10"]
[White "Arteler"]
[Black "Alex_Banzea"]
[Result "1-0"]
[WhiteElo "2510"]
[BlackElo "2654"]
[TimeControl "180+1"]
[EndTime "15:48:30 PDT"]
[Termination "Arteler won by resignation"]

1. e4 c6 2. d4 d5 3. exd5 cxd5 4.
c4 Nf6 5. Nc3 e6 6. Nf3 Be7 7.
cxd5 exd5 8. Bd3 Bg4 9. h3 Bh5 10. O-O O-O 11. g4 Bg6 12. Ne5 Nc6 13. Nxc6 bxc6 14.
Bf4 Bd6 15. Be5 Re8 16. Re1 Bb4 17. Bxg6 hxg6 18. Qa4 Bxc3 19. bxc3 Ne4 20. c4 Qh4 21. Rxe4 dxe4 22. Qxc6 Qxh3 23. Qxe4 Qc3 24. Rb1 Qxc4 25. Rb7 Qe6 26. Qf3 Qxa2 27. d5 f6 28. Rxg7+ Kxg7 29. Qxf6+ 1-0

[Event "Late-Titled-Tuesday-Blitz-September-12-2023"]
[Site "Chess.com"]
[Date "2023.09.12"]
[Round "10"]
[White "KNVB"]
[Black "Langua_Chess"]
[Result "1-0"]
[WhiteElo "2750"]
[BlackElo "2489"]
[TimeControl "180+1"]
[EndTime "15:48:33 PDT"]
[Termination "KNVB won by resignation"]

1. c4 c6 2. d4 d5 3. Nf3 Nf6 4.
Nbd2 Bf5 5. Nh4 Bg4 6. h3 Bh5 7. g4 Bg6 8. g5 Ne4 9. Nxg6 hxg6 10. Nxe4 dxe4 11. Bg2 e5 12. dxe5 Bb4+ 13. Bd2 Qxg5 14. Bxb4 Qxg2 15. Qd6 c5 16. O-O-O 1-0

[Event "Late-Titled-Tuesday-Blitz-September-12-2023"]
[Site "Chess.com"]
[Date "2023.09.12"]
[Round "10"]
[White "lachesisQ"]
[Black "kuli4ik"]
[Result "1-0"]
[WhiteElo "3091"]
[BlackElo "2952"]
[TimeControl "180+1"]
[EndTime "15:48:37 PDT"]
[Termination "lachesisQ won by resignation"]

1. e4 Nf6 2. e5 Nd5 3. d4 d6 4. c4 Nb6 5. f4 dxe5 6. fxe5 c5 7. d5 g6 8. Nc3 Bg7 9. Bf4 O-O 10. Qe2 e6 11. O-O-O exd5 12. cxd5 Na6 13. a3 c4 14. Qe3 Re8 15. Nf3 Bg4 16. Be2 Rc8 17. h3 Bxf3 18.
Bxf3 Nc5 19. Kb1 Nd3 20. e6 Bxc3 21. bxc3 Qf6 22. Rxd3 cxd3 23. Be5 Nc4 24. Bxf6 Nxe3 25. d6 Rxe6 26. d7 Rb8 27. d8=Q+ Rxd8 28. Bxd8 d2 29.
Bg5 Nc4 30. Rd1 Rb6+ 31. Kc2 Nxa3+ 32. Kxd2 Rd6+ 33. Ke2 Rxd1 34. Kxd1 b6 35. Be2 b5 36. Be7 Nc4 37. Bxc4 bxc4 38. Bf6 1-0

[Event "Late-Titled-Tuesday-Blitz-September-12-2023"]
[Site "Chess.com"]
[Date "2023.09.12"]
[Round "10"]
[White "Bauman_Guy"]
[Black "RichardLeyvaP"]
[Result "1-0"]
[WhiteElo "2897"]
[BlackElo "2635"]
[TimeControl "180+1"]
[EndTime "15:48:40 PDT"]
[Termination "Bauman_Guy won by resignation"]

1. e4 e5 2. Nf3 Nc6 3. Bb5 a6 4. Ba4 b5 5. Bb3 Bb7 6. O-O Nf6 7. d3 Bc5 8. a4 d6 9. Nc3 b4 10. Nd5 Na5 11. Nxf6+ Qxf6 12. Ba2 O-O 13. Be3 Rab8 14. Bxc5 dxc5 15. Nd2 Bc8 16. Nc4 Nc6 17. Ne3 Nd4 18. c3 Ne6 19. Nd5 Qd8 20. Bc4 a5 21. f4 c6 22. fxe5 cxd5 23. exd5 Qg5 24. dxe6 Bxe6 25. Bxe6 fxe6 26. Qe2 h6 27. g3 Rbd8 28. Rae1 Rf5 29. Rxf5 Qxf5 30. Rd1 Rd5 31. d4 bxc3 32. bxc3 cxd4 33. cxd4 Kh7 34. Qd3 Qxd3 35. Rxd3 Rd7 36.
Kf2 Kg6 37. Ke3 Kf5 38. Rd1 Rb7 39. Rf1+ Kg6 40. d5 exd5 41. Kd4 Rb4+ 42. Kxd5 Rxa4 43.
e6 Ra2 44. e7 Re2 45. Kd6 a4 46. Rf8 1-0

[Event "Late-Titled-Tuesday-Blitz-September-12-2023"]
[Site "Chess.com"]
[Date "2023.09.12"]
[Round "10"]
[White "artin10862"]
[Black "MagnusCarlsen"]
[Result "0-1"]
[WhiteElo "2977"]
[BlackElo "3219"]
[TimeControl "180+1"]
[EndTime "15:48:41 PDT"]
[Termination "MagnusCarlsen won by resignation"]

1. d4 d5 2. c4 e6 3. Nf3 c6 4. Nbd2 Nf6 5. g3 c5 6. dxc5 Bxc5 7.
Bg2 O-O 8. O-O Nc6 9. cxd5 exd5 10. Nb3 Bb6 11. Nbd4 Re8 12. Nxc6 bxc6 13. Qc2 Bd7 14. b3 Ne4 15. Bb2 Rc8 16. Rad1 h5 17. Qc1 Bg4 18. Qf4 Qe7 19. Rde1 c5 20. h3 Be6 21. Qe5 Qf6 22. Qxf6 Nxf6 23. Rc1 Ne4 24. Rfd1 c4 25. Bd4 Ba5 26.
bxc4 dxc4 27. Ne5 f5 28. Bxa7 Nc3 29. Rd2 Nb5 30. Rd5 Bxd5 31. Bxd5+ Kh7 32. Rxc4 Nxa7 33.
Ra4 Rxe5 34. Rxa5 Nc6 35. Rc5 Rd8 0-1

[Event "Late-Titled-Tuesday-Blitz-September-12-2023"]
[Site "Chess.com"]
[Date "2023.09.12"]
[Round "10"]
[White "GMBenjaminBok"]
[Black "bascheyaro"]
[Result "1-0"]
[WhiteElo "3009"]
[BlackElo "2830"]
[TimeControl "180+1"]
[EndTime "15:48:41 PDT"]
[Termination "GMBenjaminBok won by resignation"]

1. c4 e6 2. g3 d5 3. Bg2 Nf6 4. Nf3 Be7 5. O-O O-O 6. b3 Nbd7 7. Bb2 c6 8. d4 Ne4 9. Nc3 f5 10. e3 a6 11. Ne2 Bd6 12. Nf4 Ndf6 13. Ne5 g5 14. Nfd3 g4 15. Qc1 Qe8 16. Ba3 Bxa3 17.
Qxa3 h5 18. f3 gxf3 19. Bxf3 h4 20. gxh4 Kh7 21. Kh1 b5 22. Rg1 Ra7 23. Rg2 Rg8 24. Rag1 Rag7 25. Rxg7+ Rxg7 26. Rxg7+ Kxg7 27. Qc1 bxc4 28.
bxc4 Bd7 29. Qg1+ Kh7 30. Nc5 Nxc5 31. dxc5 Qe7 32. Qg6+ 1-0

[Event "Late-Titled-Tuesday-Blitz-September-12-2023"]
[Site "Chess.com"]
[Date "2023.09.12"]
[Round "10"]
[White "ARTHURMOTIVATOR"]
[Black "Nekoo04"]
[Result "1-0"]
[WhiteElo "2398"]
[BlackElo "2285"]
[TimeControl "180+1"]
[EndTime "15:48:44 PDT"]
[Termination "ARTHURMOTIVATOR won by resignation"]

1. e4 c5 2. b3 Nc6 3. Bb2 e6 4. Bb5 d5 5. exd5 exd5 6. Nf3 Nf6 7.
Qe2+ Be6 8. Ng5 Qe7 9. Nxe6 Qxe6 10. Bxf6 gxf6 11. Nc3 d4 12. Bxc6+ bxc6 13. Ne4 f5 14.
Ng5 Qxe2+ 15. Kxe2 Bh6 16. Nf3 Rg8 17. g3 f4 18. Kd3 O-O-O 19. Rae1 Rde8 20. Ne5 Kc7 21.
Nxf7 fxg3 22. hxg3 Rxe1 23. Rxe1 Bg7 24. Re7+ Kb6 25.
Nd6 Bf8 26. Nc4+ Ka6 27. Rxh7 1-0

[Event "Late-Titled-Tuesday-Blitz-September-12-2023"]
[Site "Chess.com"]
[Date "2023.09.12"]
[Round "10"]
[White "Michalczak"]
[Black "ameetghasi100"]
[Result "0-1"]
[WhiteElo "2512"]
[BlackElo "2686"]
[TimeControl "180+1"]
[EndTime "15:48:51 PDT"]
[Termination "ameetghasi100 won by resignation"]

1. e4 g6 2. d4 Bg7 3. Nc3 d6 4. Be3 a6 5. h4 h6 6. Qd2 b5 7.
f3 Bb7 8. a4 b4 9. Nd5 a5 10.
Bc4 Nd7 11. h5 g5 12. Ne2 e6 13. Nxb4 axb4 14. Qxb4 Rb8 15. Qa3 Ngf6 16. g4 d5 17.
exd5 Nxd5 18. Bd2 Bf8 19. Qd3 Bd6 20. Ba2 Bc6 21. c4 Nb4 22. Bxb4 Rxb4 23. c5 Be7 24.
Qc3 Qb8 25. d5 Bf6 26. dxc6 Bxc3+ 27. bxc3 Rb2 28. cxd7+ Kxd7 29. Bc4 Ke7 30. Bb5 c6 31. Nd4 Qg3+ 32. Kd1 cxb5 33. Re1 Rd8 34. Kc1 Qf2 35. Rd1 Rxd4 0-1

[Event "Late-Titled-Tuesday-Blitz-September-12-2023"]
[Site "Chess.com"]
[Date "2023.09.12"]
[Round "10"]
[White "MikaelyanArman"]
[Black "hellokostya"]
[Result "1-0"]
[WhiteElo "2927"]
[BlackElo "2623"]
[TimeControl "180+1"]
[EndTime "15:48:52 PDT"]
[Termination "MikaelyanArman won by resignation"]

1. Nf3 Nf6 2. g3 g6 3. Bg2 Bg7 4. b3 O-O 5. Bb2 d6 6. d4 a5 7.
a4 c6 8. O-O Na6 9. Nbd2 Qc7 10.
e4 Bg4 11. h3 Bxf3 12. Qxf3 Nd7 13. Qe2 e5 14. dxe5 dxe5 15. Nc4 Rfd8 16. Bc3 Nb4 17.
Rad1 Nc5 18. Rxd8+ Rxd8 19. Rd1 f6 20. Rxd8+ Qxd8 21. Nxe5 fxe5 22. Qc4+ Kh8 23. Qxc5 Qd1+ 24. Bf1 b6 25. Qe7 h6 26. Bxe5 Bxe5 27. Qxe5+ Kh7 28. Qe7+ Kh8 29. Qf8+ Kh7 30. Qf7+ Kh8 31. Qxg6 Nxc2 32. Qxh6+ Kg8 33. Qg6+ Kh8 34. Qf6+ Kg8 35. h4 Nd4 36.
Kg2 b5 37. axb5 cxb5 38. h5 1-0

[Event "Late-Titled-Tuesday-Blitz-September-12-2023"]
[Site "Chess.com"]
[Date "2023.09.12"]
[Round "10"]
[White "Jahonas"]
[Black "arminmusovic"]
[Result "1-0"]
[WhiteElo "2453"]
[BlackElo "2518"]
[TimeControl "180+1"]
[EndTime "15:48:52 PDT"]
[Termination "Jahonas won by resignation"]

1. e4 c6 2. Nf3 d5 3. Nc3 dxe4 4.
Nxe4 Nf6 5. Ng3 e5 6. d3 Bd6 7.
Be2 h6 8. O-O O-O 9. b3 Re8 10.
Bb2 Nbd7 11. Ne4 Nxe4 12. dxe4 Qe7 13. Bd3 Nf8 14. Nd2 Ng6 15. Nc4 Bc7 16. g3 Bh3 17. Re1 Rad8 18. Qh5 Qe6 19. Ne3 Bb6 20. Nf5 Bxf5 21.
exf5 Qf6 22. fxg6 Qxf2+ 23. Kh1 fxg6 24. Qe2 Qf6 25. Rf1 Qg5 26. Rad1 Bd4 27. Bc1 Qh5 28. Qxh5 gxh5 29. Be4 Re6 30. c4 c5 31. Bd5 Rxd5 32. cxd5 Rd6 33. Kg2 Rxd5 34. Kf3 Rd6 35. Ke4 g6 36.
Bxh6 Kh7 37. Bg5 Ra6 38. a4 Kg8 39. Rf6 Rc6 40. Rxc6 bxc6 41. Bf6 c4 42. bxc4 c5 43. Bxe5 Bxe5 44. Kxe5 h4 45. gxh4 Kh7 46. Kf4 Kh6 47. Kg4 a5 48. Rd7 g5 49. Rd6+ Kh7 50. hxg5 Kg7 51.
Kf5 Kf7 52. Rc6 Ke7 53. Rxc5 Kd7 54. Rxa5 Kc6 55. Rb5 Kd6 56. a5 Kc7 57. a6 Kd7 58. Ke5 Kc7 59. Kd5 Kc8 60. Rb7 1-0

[Event "Late-Titled-Tuesday-Blitz-September-12-2023"]
[Site "Chess.com"]
[Date "2023.09.12"]
[Round "10"]
[White "Chessdreamer2020"]
[Black "emeli_chess"]
[Result "1-0"]
[WhiteElo "2519"]
[BlackElo "2378"]
[TimeControl "180+1"]
[EndTime "15:48:58 PDT"]
[Termination "Chessdreamer2020 won on time"]

1. e4 e5 2. Nf3 Nc6 3. Be2 Nf6 4. d3 d5 5. Nbd2 dxe4 6. dxe4 Bc5 7. O-O O-O 8. c3 a5 9. Qc2 h6 10. Nc4 Qe7 11. h3 Nh5 12. Rd1 Nf4 13. Bxf4 exf4 14. e5 b5 15. Qe4 bxc4 16. Qxc6 Ra6 17. Qe4 Rg6 18. Kf1 Qe6 19. Bxc4 Qb6 20. Rd2 Bb7 21.
Qxf4 a4 22. Bd3 Re6 23. Bf5 Re7 24. Be4 a3 25. b3 Ba6+ 26. c4 Bb4 27. Rd5 Bc3 28.
Rad1 Bb7 29. Rd7 Bxe4 30. Qxe4 Re6 31. Rd8 Ree8 32. R8d7 Re6 33. Qf5 Qc6 34. R1d5 1-0

[Event "Late-Titled-Tuesday-Blitz-September-12-2023"]
[Site "Chess.com"]
[Date "2023.09.12"]
[Round "10"]
[White "cassoulet"]
[Black "Vaibhavraut99"]
[Result "1-0"]
[WhiteElo "2785"]
[BlackElo "2586"]
[TimeControl "180+1"]
[EndTime "15:49:01 PDT"]
[Termination "cassoulet won by resignation"]

1. d4 Nf6 2. Bg5 d5 3. Bxf6 exf6 4. e3 g6 5. g3 Bg7 6. Bg2 O-O 7. Ne2 Bg4 8. O-O Bxe2 9. Qxe2 f5 10. c4 c5 11. dxc5 Na6 12. cxd5 Nxc5 13. Nc3 b6 14. Rac1 Bxc3 15. Rxc3 Nb7 16. Rfc1 Nd6 17. Rc6 Qe7 18. h4 h5 19. Rc7 Qe5 20. Qd2 Rfd8 21. R1c6 Nb5 22.
Rb7 Nd6 23. f4 Qe8 24. Rbc7 Nb5 25. d6 Nxc7 26. Rxc7 Rab8 27. Bd5 Rd7 28. Bc6 Rbd8 29. Bxd7 Rxd7 30. Qd4 Rxd6 31. Qxd6 Qxe3+ 32. Kf1 Qf3+ 33. Ke1 Qe3+ 34. Kd1 Qg1+ 35. Kc2 Qf2+ 36. Qd2 Qxg3 37. Qc3 Qf2+ 38. Kb3 Qf1 39. Rc8+ 1-0

[Event "Late-Titled-Tuesday-Blitz-September-12-2023"]
[Site "Chess.com"]
[Date "2023.09.12"]
[Round "10"]
[White "kreonx"]
[Black "pirulillo"]
[Result "1-0"]
[WhiteElo "2463"]
[BlackElo "2335"]
[TimeControl "180+1"]
[EndTime "15:49:08 PDT"]
[Termination "kreonx won by checkmate"]

1. e4 c5 2. Nc3 e6 3. Nge2 Nc6 4.
g3 Nge7 5. d4 cxd4 6. Nxd4 Nxd4 7. Qxd4 Nc6 8. Qd3 a6 9. Bg2 Be7 10. Bf4 Qa5 11. O-O O-O 12. a3 Ne5 13. Qe2 d6 14. Be3 b5 15. f4 Nc4 16. e5 d5 17.
Bd4 Qc7 18. Qf2 Bb7 19. b3 Nxa3 20. f5 Rac8 21. f6 Bc5 22. Ne2 g6 23. Qf4 Rfd8 24. Bxc5 Qxc5+ 25. Kh1 Nxc2 26. Rac1 Qe3 27. Qh4 h6 28.
Nf4 Kh7 29. Nxe6 fxe6 30. f7 Nd4 31. Rxc8 Rxc8 32. f8=Q Rxf8 33. Qe7+ Kh8 34. Rxf8# 1-0

[Event "Late-Titled-Tuesday-Blitz-September-12-2023"]
[Site "Chess.com"]
[Date "2023.09.12"]
[Round "10"]
[White "Oleksandr_Bortnyk"]
[Black "Korchmar_Vasiliy"]
[Result "1-0"]
[WhiteElo "3004"]
[BlackElo "2719"]
[TimeControl "180+1"]
[EndTime "15:49:10 PDT"]
[Termination "Oleksandr_Bortnyk won on time"]

1. e4 c5 2. c3 d5 3. exd5 Nf6 4. Qa4+ Nbd7 5. Qb3 g6 6. Nf3 Bg7 7. Be2 O-O 8. O-O Nb6 9. c4 e6 10. dxe6 Bxe6 11. d3 Re8 12. Nc3 Bf5 13. Be3 Ng4 14. Bg5 Qd7 15. Rfe1 Ne5 16. Nxe5 Bxe5 17. Rad1 Bd4 18.
Bh4 Bg4 19. Bxg4 Qxg4 20. Bg3 h5 21. Ne4 h4 22. h3 Qe6 23. Bxh4 Qf5 24. Qc2 Re6 25.
Qd2 Rae8 26. b3 Kg7 27. Bg3 Nd7 28. Kh2 Be5 29. Re3 Bd4 30. Nd6 1-0

[Event "Late-Titled-Tuesday-Blitz-September-12-2023"]
[Site "Chess.com"]
[Date "2023.09.12"]
[Round "10"]
[White "GoltsevDmitry2000"]
[Black "Skagoogle"]
[Result "1-0"]
[WhiteElo "2643"]
[BlackElo "2770"]
[TimeControl "180+1"]
[EndTime "15:49:11 PDT"]
[Termination "GoltsevDmitry2000 won by checkmate"]

1. e4 c5 2. Nf3 d6 3. d4 cxd4 4. Nxd4 Nf6 5. Nc3 Nc6 6. Be2 Qb6 7. Nb3 e6 8. Be3 Qc7 9. O-O a6 10. f4 b5 11. a3 Bb7 12. Bf3 Be7 13. Qe2 O-O 14. Qf2 Rfe8 15. Rad1 Rac8 16. g4 Nd7 17. h4 Na5 18. Nxa5 Qxa5 19. f5 Rxc3 20. bxc3 Ne5 21. Bd4 Nxf3+ 22. Qxf3 e5 23. Bf2 Rc8 24. g5 Rxc3 25.
Rd3 Rc4 26. f6 Bf8 27. Re1 g6 28. Re2 Qa4 29. Rde3 h6 30. h5 gxh5 31. Qxh5 Bxe4 32. gxh6 Bg6 33. Qh3 Kh7 34. Rg3 Rxc2 35. Rxg6 Rc1+ 36. Kg2 Kxg6 37. h7 Qd1 38. h8=Q Qf1+ 39. Kg3 Rc3+ 40.
Be3 Qxe2 41. Q3h7# 1-0

[Event "Late-Titled-Tuesday-Blitz-September-12-2023"]
[Site "Chess.com"]
[Date "2023.09.12"]
[Round "10"]
[White "CURRUTACO59"]
[Black "Bala-Afiada"]
[Result "1-0"]
[WhiteElo "2256"]
[BlackElo "1963"]
[TimeControl "180+1"]
[EndTime "15:49:13 PDT"]
[Termination "CURRUTACO59 won by resignation"]

1. Nf3 d5 2. d4 Nf6 3. c4 e6 4. cxd5 exd5 5. Nc3 c6 6. Bg5 h6 7. Bh4 Be7 8. e3 Bg4 9. Bd3 Nbd7 10. h3 Be6 11. Qc2 c5 12. dxc5 Nxc5 13. Bb5+ Ncd7 14. O-O a6 15. Be2 O-O 16. Rac1 Rc8 17. Qb1 Nc5 18. Rfd1 Nfe4 19. Bxe7 Qxe7 20. Nxd5 Bxd5 21. Rxd5 Rfd8 22.
Re5 Qd6 23. Rd1 Qf6 24. Rxd8+ Qxd8 25. Rxe4 Nxe4 26. Qxe4 Rc1+ 27. Kh2 Qc7+ 28. g3 Rc2 29. Qe8+ 1-0

[Event "Late-Titled-Tuesday-Blitz-September-12-2023"]
[Site "Chess.com"]
[Date "2023.09.12"]
[Round "10"]
[White "bazar-wokzal"]
[Black "MarcoRiehle"]
[Result "0-1"]
[WhiteElo "2594"]
[BlackElo "2778"]
[TimeControl "180+1"]
[EndTime "15:49:16 PDT"]
[Termination "MarcoRiehle won by resignation"]

1. e4 e5 2. Bc4 Nf6 3. d3 c6 4.
Nf3 d5 5. Bb3 Bd6 6. Nc3 Bc7 7.
Bg5 d4 8. Ne2 a5 9. c3 dxc3 10.
bxc3 h6 11. Bh4 Bg4 12. O-O Bxf3 13. gxf3 O-O 14. Kh1 Nbd7 15. Rg1 Qe8 16. Rg2 Bd8 17. Ng3 Kh7 18. Nf5 Rg8 19. Qg1 Nh5 20. Nd6 Qf8 21.
Bxd8 Qxd6 22. Bxf7 Raxd8 23. Bxh5 g6 24. Bg4 Nf6 25. Rd1 Rg7 26. d4 Re8 27. h4 h5 28.
Bh3 exd4 29. cxd4 Qf4 30. Rg3 Qxh4 31. Qh2 Kh6 32. Rdg1 g5 33. Bf5 Qxh2+ 34. Kxh2 Rd8 35. e5 Nd5 36. f4 Nxf4 37. e6 Ne2 38. Re3 Nxg1 39. Kxg1 Re7 40. Re4 Kg7 41. f4 g4 42.
Kf2 Kf6 43. Re5 Rxd4 44. Ke3 Rd5 45. Rxd5 cxd5 0-1

[Event "Late-Titled-Tuesday-Blitz-September-12-2023"]
[Site "Chess.com"]
[Date "2023.09.12"]
[Round "10"]
[White "Noki102"]
[Black "Joshukid"]
[Result "0-1"]
[WhiteElo "2436"]
[BlackElo "2548"]
[TimeControl "180+1"]
[EndTime "15:49:19 PDT"]
[Termination "Joshukid won by resignation"]

1. d4 g6 2. Nc3 Bg7 3. e4 d5 4. exd5 Nf6 5. Bc4 Nbd7 6. Bb3 Nb6 7. Nge2 a5 8. a4 Nbxd5 9. Nxd5 Nxd5 10. c3 O-O 11.
O-O b6 12. Bg5 Bb7 13. Qd2 Re8 14. Rfe1 Qd7 15. Rad1 Qg4 16. Ng3 Nf6 17. h3 Qd7 18.
Bh6 Bh8 19. Re5 Rad8 20. Qf4 Nd5 21. Bxd5 Bxd5 22. Re3 Qxa4 23. Rde1 Qd7 24. Nf5 Bf6 25. Rg3 Be6 26. Ne3 Qd6 27. Qf3 c5 28. Bf4 Qd7 29. dxc5 bxc5 30. Ng4 Bh4 31. Nh6+ Kf8 32. Be5 Bxg3 33.
Qxg3 Qd3 34. Qh4 Qd2 35. Rf1 Rd5 36. Ng4 Bxg4 37. Qh6+ Qxh6 0-1

[Event "Late-Titled-Tuesday-Blitz-September-12-2023"]
[Site "Chess.com"]
[Date "2023.09.12"]
[Round "10"]
[White "simplerXiao"]
[Black "a-z30"]
[Result "1-0"]
[WhiteElo "2527"]
[BlackElo "2412"]
[TimeControl "180+1"]
[EndTime "15:49:21 PDT"]
[Termination "simplerXiao won on time"]

1. e4 d6 2. d4 Nf6 3. Nc3 g6 4. Be3 Bg7 5. Qd2 O-O 6. Bh6 c5 7. d5 Qb6 8. Bxg7 Kxg7 9. O-O-O e6 10. h4 exd5 11. exd5 Bf5 12. h5 Nbd7 13. f3 gxh5 14. Nh3 Qb4 15. Nf4 Bg6 16. Bd3 Ne5 17. g4 hxg4 18.
fxg4 Nexg4 19. Rdg1 h5 20. Nxg6 fxg6 21. Qg5 Ne5 22. Bxg6 Nf3 23. Qf5 Nxg1 24. Rxg1 Ng4 25. Qg5 Qf4+ 26. Qxf4 Rxf4 27. Bxh5 Kh6 28. Bxg4 Rg8 29.
Rh1+ Kg6 30. Be6 Rgf8 31. Rg1+ Kf6 32. Ne2 Rf2 33. Kd2 Ke5 34. Rg5+ Kf6 35. Rh5 Re8 36.
Ke3 Rg2 37. Rf5+ 1-0

[Event "Late-Titled-Tuesday-Blitz-September-12-2023"]
[Site "Chess.com"]
[Date "2023.09.12"]
[Round "10"]
[White "xozr"]
[Black "cukin84"]
[Result "0-1"]
[WhiteElo "2340"]
[BlackElo "2243"]
[TimeControl "180+1"]
[EndTime "15:49:21 PDT"]
[Termination "cukin84 won by resignation"]

1. e4 c6 2. d4 d5 3. Nc3 a6 4. Nf3 Bg4 5. exd5 cxd5 6. h3 Bh5 7. Bd3 e6 8. O-O Nc6 9. Be3 Nf6 10. g4 Bg6 11.
Ne2 Ne4 12. c3 h5 13. g5 h4 14. Nf4 Bf5 15. Kh2 Bd6 16. Rg1 Nxf2 17. Bxf2 Bxf4+ 18. Kg2 g6 19. Bxf5 gxf5 20. Kh1 Bg3 21. Qe2 f4 22. g6 Qf6 23. gxf7+ Qxf7 24. Ng5 Qe7 25. Bxg3 hxg3 26. Qxe6 Qxe6 27. Nxe6 Rxh3+ 28. Kg2 Rh2+ 29. Kf3 Rf2+ 30. Kg4 Kd7 31. Rae1 Rg8+ 32. Ng5 g2 33.
Kf5 Ne7+ 34. Kf6 Rg6+ 35. Kf7 Rxg5 36. Rxe7+ Kd6 37. Rge1 Kc6 38. R1e6+ Kb5 39. Rxb7+ Kc4 40.
Re1 g1=Q 41. b3+ Kd3 42. Rxg1 Rxg1 0-1

[Event "Late-Titled-Tuesday-Blitz-September-12-2023"]
[Site "Chess.com"]
[Date "2023.09.12"]
[Round "10"]
[White "IMGC"]
[Black "becemix"]
[Result "1-0"]
[WhiteElo "2447"]
[BlackElo "2531"]
[TimeControl "180+1"]
[EndTime "15:49:25 PDT"]
[Termination "IMGC won on time"]

1. d4 d5 2. Nf3 Nf6 3. e3 c5 4. c3 Nc6 5. Bd3 Bg4 6. Nbd2 e6 7. Qa4 Nd7 8. O-O c4 9. Bb1 a6 10. e4 b5 11. Qd1 Be7 12. h3 Bh5 13. Qe2 O-O 14.
Re1 dxe4 15. Qxe4 Nf6 16. Qxc6 Qa5 17. Ne5 Rac8 18. b4 cxb3 19. Nxb3 Rxc6 20. Nxa5 Rxc3 21. Bd2 Rc7 22. Nac6 Bd6 23. Ba5 Rcc8 24. Bd3 Nd5 25. Rac1 Ba3 26. Rc2 f6 27. Nd7 Rfe8 28. Nb6 Nxb6 29.
Bxb6 Kf7 30. g4 Bg6 31. Bxg6+ hxg6 32. Ree2 Bd6 33. Kg2 g5 34. Na5 1-0

[Event "Late-Titled-Tuesday-Blitz-September-12-2023"]
[Site "Chess.com"]
[Date "2023.09.12"]
[Round "10"]
[White "jcmesafischer"]
[Black "laskakid"]
[Result "0-1"]
[WhiteElo "2357"]
[BlackElo "2261"]
[TimeControl "180+1"]
[EndTime "15:49:25 PDT"]
[Termination "laskakid won by checkmate"]

1. Nf3 Nf6 2. d4 d5 3. g3 g6 4. Bg2 Bg7 5. O-O O-O 6. b3 Nbd7 7. Bb2 a5 8. a4 b6 9. Re1 Bb7 10. Ne5 c5 11. e3 Qc7 12. Nc3 e6 13. Nb5 Qb8 14. dxc5 Nxe5 15. cxb6 Ne8 16. Ba3 Nd7 17. c4 Bxa1 18. Qxa1 Qe5 19. cxd5 Qxa1 20. Rxa1 exd5 21. Bxf8 Kxf8 22. Nc7 Nxc7 23. bxc7 Rc8 24. Rc1 Ke7 25. Rd1 Nf6 26. Rc1 Kd6 27. Kf1 Rxc7 28. Rxc7 Kxc7 29.
Ke2 Kd6 30. Kd3 Kc5 31. Kc3 Ne4+ 32. Bxe4 dxe4 33. h4 h5 34. Kc2 Kb4 35. Kb2 Bd5 36. Kc2 Bxb3+ 37. Kd2 Bxa4 38. f3 exf3 39. g4 hxg4 40. e4 g3 41. e5 g2 42. h5 gxh5 43. e6 fxe6 44. Ke3 g1=Q+ 45. Kf4 Qg4+ 46. Ke5 Qf5+ 47. Kd6 e5 48. Ke7 e4 49. Kd6 Kc4 50. Ke7 Qg6 51. Kd8 Qf7 52. Kc8 Bc6 53. Kd8 Qd7# 0-1

[Event "Late-Titled-Tuesday-Blitz-September-12-2023"]
[Site "Chess.com"]
[Date "2023.09.12"]
[Round "10"]
[White "Fandorine"]
[Black "SpeedofLight0"]
[Result "0-1"]
[WhiteElo "2905"]
[BlackElo "3084"]
[TimeControl "180+1"]
[EndTime "15:49:32 PDT"]
[Termination "SpeedofLight0 won on time"]

1. Nf3 d5 2. c4 e6 3. g3 dxc4 4. Bg2 a6 5. O-O b5 6. Ne5 Ra7 7. d3 cxd3 8. Nxd3 c5 9. Bf4 Qb6 10. a4 Nd7 11. axb5 axb5 12. Nc3 Ba6 13. Be3 Ngf6 14. b4 Be7 15. Qc2 Rc7 16. Qa2 Bb7 17.
Bxb7 Rxb7 18. Rfb1 O-O 19. bxc5 Qc6 20. Nb4 Qc8 21. c6 Bxb4 22. cxb7 Qxc3 23. Rc1 Qe5 24. Rab1 Nd5 25. Rc8 Nc3 26. Qa8 Nxb1 27. Bf4 Qxe2 28. Rd8 Bc5 0-1